 Dungeon Crawl Stone Soup version 0.31-a0-851-g7ff8af7976 (webtiles) character file.

Game seed: 18031281918542904774

65 Kurtz the Sneak (level 3, 0/29 HPs)
             Began as a Mummy Delver on Oct 6, 2023.
             Splashed by a jelly's acid (8 damage)
             ... on level 3 of the Dungeon.
             The game lasted 00:02:15 (2241 turns).

Kurtz the Sneak (Mummy Delver)                      Turns: 2241, Time: 00:02:15

Health: 0/29       AC: -4    Str: 21    XL:     3   Next: 92%
Magic:  3/3        EV:  8    Int:  9    God:
Gold:   151        SH:  0    Dex: 15    Spells: 2/2 levels left

rFire   x . .        h - +0 hammer (drain)
rCold   + . .        (no shield)
rNeg    + + +        j - +0 chain mail
rPois   ∞            (no helmet)
rElec   .            (no cloak)
rCorr   .            (no gloves)
SInv    +            (no boots)
Will    .....        (no amulet) Stlth
                     k - +6 ring of strength
HPRegen 0.24/turn    o - ring of see invisible
MPRegen 0.08/turn

%: faith
@: corroded
A: cold resistance 1, negative energy resistance 3, torment resistance 2, heat
vulnerability 1, in touch with death 1, no potions, faith
a: no special abilities


You were on level 3 of the Dungeon.
You visited 1 branch of the dungeon, and saw 5 of its levels.

You collected 175 gold pieces.
You spent 24 gold pieces at shops.

Inventory:

Hand Weapons
 a - a +0 hand axe
 h - a +0 hammer of draining (weapon)
Missiles
 g - 2 curare-tipped darts
 q - 2 javelins
 r - 6 boomerangs
Armour
 b - a +0 leather armour
 j - a +0 chain mail (worn)
Jewellery
 k - a +6 ring of strength (left hand)
 o - a ring of see invisible (right hand)
Wands
 f - a wand of digging (3)
Scrolls
 c - a scroll of fog
 d - a scroll of revelation
 e - a scroll of fear
 i - 3 scrolls of identify
 l - a scroll of enchant armour {unknown}
 m - a scroll of teleportation {unknown}
 n - a scroll of silence {unknown}
 p - a scroll of noise {unknown}


   Skills:
 - Level 3.0 Fighting
 * Level 3.5 Axes
 - Level 1.5 Dodging
 - Level 4.1 Stealth


You had 2 spell levels left.
You didn't know any spells.
Your spell library contained the following spells:

 Spells                   Type           Power      Damage    Failure   Level
 Inner Flame              Hex/Fire       0%         N/A       100%        3
 Yara's Violent Unravell  Hex/Tmut       0%         3d3       100%        5
 Enfeeble                 Hex            0%         N/A       100%        7


Dungeon Overview and Level Annotations

Branches:
Dungeon (5/15)
 Temple: D:4-7

Altars:

Shops:
D:1 ?

Annotations:
D:2 1 runed translucent door, Crazy Yiuf
D:3 exclusion: downstairs
D:4 exclusion: black bear
D:5 exclusion: iguana


Innate Abilities, Weirdness & Mutations

You are immune to poison.
Your flesh is cold resistant. (rC+)
You are immune to negative energy. (rN+++)
You are immune to unholy pain and torment.
You are vulnerable to heat. (rF-)
You are in touch with the powers of death.
You do not drink.
You have a special connection with the divine. (Faith)


Message History

No target in view!
No target in view!
A ball python comes into view.
Found a blue potion.
An endoplasm comes into view.
The endoplasm quivers.
The ball python bites you. The ball python grabs you.
The ball python constricts you.
There are monsters nearby!
You hit the ball python. You drain the ball python.
You kill the ball python!
The endoplasm freezes you.
You are frozen.
You resist.
You completely miss the endoplasm. The endoplasm barely misses you.
You hit the endoplasm but do no damage. The endoplasm barely misses you.
You hit the endoplasm.
The endoplasm is heavily wounded.
The endoplasm hits you but does no damage. x2
An endoplasm is nearby!
You thump the endoplasm!
You kill the endoplasm!
You see here a blue potion.
Key pressed, stopping explore.
No target in view!
No target in view!
You feel as though Xom is toying with you.
Suddenly, the walls become transparent!
The jelly quivers.
You open the door.
A jelly comes into view.
The jelly quivers.
You hit the jelly. The acid corrodes you!
Your hands burn!
The jelly is lightly wounded.
The jelly misses you.
You hit the jelly. The acid corrodes you!
Your hands burn!
The jelly is moderately wounded.
The jelly hits you.
You are splashed with acid!
The jelly hits you.
* * * LOW HITPOINT WARNING * * *
The acid corrodes you!
You are splashed with acid!
You die...

###### # #....####
########
#....+J+..####.......
#....###...#......#..
#...@# #...###.##....
###....J.+ #.####.#
#......### #.# #.#
######.##...# #.# #.#
###......##...+ #.#
#.. #...####.##...#
#.# #.#
#.#########.### #.#
#.# #...#.#.#...#
#.####..
#...!#.#....#
#.....#.


You could see 2 jellies.

Vanquished Creatures
  An adder (D:2)
  2 worms (D:2)
  2 dart slugs
  An orc (D:3)
  6 ball pythons
  3 endoplasms
  3 giant cockroaches (D:1)
  6 goblins
  3 hobgoblins
  5 kobolds
  A quokka (D:3)
  2 bats (D:1)
  5 frilled lizards
  3 rats
43 creatures vanquished.

Notes
Turn   | Place    | Note
-------+----------+-------------------------------------------
     0 | D:5      | Kurtz the Mummy Delver began the quest for the Orb.
     0 | D:5      | Reached XP level 1. HP: 18/18 MP: 1/1
    17 | D:5      | Noticed an iguana
    39 | D:4      | Noticed a scorpion
    83 | D:4      | Noticed a black bear
   187 | D:2      | Found a runed translucent door.
   190 | D:2      | Noticed Crazy Yiuf
   234 | D:2      | Reached XP level 2. HP: 24/24 MP: 2/2
   301 | D:1      | Found Mablioxi's Magic Scroll Emporium.
   339 | D:1      | Bought a scroll of identify for 24 gold pieces
   808 | D:1      | Reached XP level 3. HP: 29/29 MP: 3/3
  2241 | D:3      | Splashed by a jelly's acid

Illustrated notes

Levels and vault maps discovered:
D:1:      minmay_arrival_wavy_path, layout_loops_ring, serial_shops, shop
D:2:      layout_basic, kennysheep_generic_room_9, uniq_crazy_yiuf_cottage
D:3:      layout_loops_ring, dk_xom_monty_hall,
          riverfiend_overflow_shadow_ancestor, nicolae_twisty_statue_hallways
D:4:      layout_basic, cheibriados_altar_1
D:5:      minmay_chambers_of_threes, layout_rooms, trog_wizard,
          minmay_misc_feat_roman, kennysheep_small_square

Skill      XL: |  1  2  3 |
---------------+----------+-----
Axes           | 2 3 |  3.5
Fighting       | |  3.0
Dodging        | |  1.5
Stealth        | |  4.1

Action                     || total
---------------------------++-------
  Melee: Mace              ||   108
         Hand axe          ||     2
   Stab: Sleeping          ||     3
 Armour: Leather armour    ||    13
         Chain mail        ||    68
  Dodge: Dodged            ||    61

Table legend: (Time is in decaauts)
 A = Elapsed time spent in this place.
 B = Non-inter-level travel time spent in this place.
 C = Inter-level travel time spent in this place.
 D = Time resting spent in this place.
 E = Time spent auto-exploring this place.
 F = Levels seen in this place.
 G = Mean time per level.
                   A        B        C        D        E       F      G
               +--------+--------+--------+--------+--------+-----+--------+
         Total |   2273 |   2166 |    107 |     45 |   1701 |   5 |  454.6 |
       Dungeon |   2273 |   2166 |    107 |     45 |   1701 |   5 |  454.6 |
               +--------+--------+--------+--------+--------+-----+--------+

Top non-repeatable levels by time:
     D:2: 842 daAuts
     D:1: 770 daAuts
     D:3: 521 daAuts
     D:4: 99 daAuts
     D:5: 39 daAuts
